 Dungeon Crawl Stone Soup version 0.23.2-40-g277498a001 (webtiles) character file.

Game seed: 4140971361817682835

42 MalarOregon the Grasshopper (level 3, -2/30 HPs)
             Began as a Draconian Warper on Sept 19, 2019.
             Was an Initiate of Nemelex Xobeh.
             Slain by an iguana (12 damage)
             ... on level 2 of the Dungeon.
             The game lasted 00:01:17 (1707 turns).

MalarOregon the Grasshopper (Draconian Warper)      Turns: 1707, Time: 00:01:17

Health: -2/30      AC:  5    Str: 13    XL:     3   Next: 33%
Magic:  6/6        EV: 12    Int: 13    God:    Nemelex Xobeh [......]
Gold:   64         SH:  0    Dex: 11    Spells: 6/6 levels left

rFire    . . .     SeeInvis .   a - +0 falchion
rCold    . . .     Gourm    .   (no shield)
rNeg     . . .     Faith    .   (armour unavailable)
rPois    .         Spirit   .   (helmet restricted)
rElec    .         Reflect  .   (no cloak)
rCorr    .         Harm     .   (no gloves)
MR       .....                  (no boots)
Stlth    +.........             (no amulet)
HPRegen  0.10/turn              (no ring)
MPRegen  0.10/turn              (no ring)

@: no status effects
A: unfitting armour, cold-blooded, AC +5
a: Draw Escape, Draw Destruction, Draw Summoning, Renounce Religion


You were on level 2 of the Dungeon.
You worshipped Nemelex Xobeh.
Nemelex Xobeh was noncommittal.
You were hungry.

You visited 1 branch of the dungeon, and saw 2 of its levels.

You collected 64 gold pieces.

Inventory:

Hand Weapons
 a - a +0 falchion (weapon)
Missiles
 d - 5 tomahawks of dispersal (quivered) {!f}
Jewellery
 h - an uncursed amulet of faith {unknown}
   (You found it on level 1 of the Dungeon)
Scrolls
 c - a scroll of blinking
 g - a scroll of teleportation {unknown}
 k - a scroll of identify {unknown}
Potions
 b - a potion of might {unknown}
 f - 3 potions of curing {unknown}
 i - 2 potions of ambrosia {unknown}
Comestibles
 e - 6 rations {!d}
 j - 3 chunks of flesh


   Skills:
 + Level 2.7 Fighting
 + Level 2.4 Long Blades
 + Level 1.4 Throwing
 + Level 2.4 Dodging
 + Level 2.3 Spellcasting
   Level 3.0 Translocations


You had 6 spell levels left.
You didn't know any spells.
Your spell library contained the following spells:

 Spells                   Type           Power        Failure   Level  Hunger
 Blink                    Tloc           N/A          11%         2    ###....
 Shroud of Golubria       Chrm/Tloc      #.........   21%         2    ###....
 Gell's Gravitas          Tloc           #.........   22%         3    ###....
 Lesser Beckoning         Tloc           #.........   22%         3    ###....
 Teleport Other           Tloc           #.......     22%         3    ###....
 Passage of Golubria      Tloc           N/A          56%         4    #####..


Dungeon Overview and Level Annotations

Branches:
Dungeon (2/15)

Altars:
Fedhas
Nemelex Xobeh


Innate Abilities, Weirdness & Mutations

Your plain brown scales are hard. (AC +5)
You cannot fit into any form of body armour.
You are cold-blooded and may be slowed by cold attacks.


Message History

The goblin barely misses you.
You riposte.
You closely miss the goblin. You miss the goblin.
The goblin hits you but does no damage.
You miss the goblin. The goblin hits you with a +0 dagger.
The goblin barely misses you.
You closely miss the goblin. The goblin hits you with a +0 dagger.
You hit the goblin.
You kill the goblin!
No target in view!
No target in view!
Things that are here:
a +0 club; a hobgoblin corpse You butcher the hobgoblin corpse.
j - 4 chunks of flesh (gained 3)
Things that are here:
a +0 club; a hobgoblin skeleton
Things that are here:
a +0 club; a hobgoblin skeleton You now have 64 gold pieces (gained 7).
Found a scroll labeled NUIPNI LAD.
k - a scroll labeled NUIPNI LAD An iguana comes into view.
An iguana is nearby!
An iguana is nearby!
The iguana closely misses you.
You hit the iguana but do no damage.
The iguana bites you but does no damage.
You closely miss the iguana. The iguana bites you!
You barely miss the iguana. The iguana barely misses you.
You hit the iguana. The iguana bites you.
You hit the iguana.
The iguana bites you but does no damage.
The iguana closely misses you.
You closely miss the iguana.
You tail-slap the iguana, but do no damage.
The iguana closely misses you.
You riposte.
You closely miss the iguana. You hit the iguana.
Your tail-slap misses the iguana.
The iguana closely misses you.
You hit the iguana but do no damage.
You are feeling hungry.
The iguana barely misses you.
You barely miss the iguana.
The iguana bites you but does no damage.
You barely miss the iguana. The iguana bites you!
* * * LOW HITPOINT WARNING * * *
The iguana bites you but does no damage.
Unknown command.
Some of the chunks of flesh in your inventory have rotted away.
You hit the iguana. The iguana bites you!
You die...
Your body disappears without a glow.

#######################
#......@l..............
#.##################...
#####.#### #.# # #......(.#
#.# # #........# #.###
#........# #.'.. #........#
#.### #....)...# ##.# #
#....)...##############..###


You could see an iguana.

Vanquished Creatures
  An adder (D:2)
  An ooze (D:1)
  3 dart slugs
  4 bats (D:1)
  5 hobgoblins
  2 frilled lizards (D:1)
  2 goblins
  4 kobolds (D:1)
  A rat (D:1)
23 creatures vanquished.

Notes
Turn   | Place    | Note
-------+----------+-------------------------------------------
     0 | D:1      | MalarOregon the Draconian Warper began the quest for the
                  | Orb.
     0 | D:1      | Reached XP level 1. HP: 17/17 MP: 3/3
    42 | D:1      | Reached skill level 1 in Throwing
   361 | D:1      | Reached XP level 2. HP: 24/25 MP: 5/5
  1368 | D:2      | Found a sparkling altar of Nemelex Xobeh.
  1407 | D:2      | Reached XP level 3. HP: 30/30 MP: 6/6
  1537 | D:2      | Became a worshipper of Nemelex Xobeh the Trickster
  1590 | D:2      | Received a gift from Nemelex Xobeh
  1605 | D:2      | Found a blossoming altar of Fedhas.
  1707 | D:2      | Slain by an iguana

Skill      XL: |  1 |
---------------+----+-----
Throwing       | 1 |  1.4
Fighting       | |  2.7
Long Blades    | |  2.4
Dodging        | |  2.4
Spellcasting   | |  2.3
Translocations | |  3.0

Action                   || total
-------------------------++-------
Melee: Falchion          ||    82
       Tailslap          ||     7
  Eat: Chunk             ||     2
Armor: Skin              ||    29
Dodge: Dodged            ||    53
       Rpst.: Falchion   ||    10
